Map: Overgrowth LE (Void)

Players

Elazer - Winner!

  • Race: Zerg Zerg
  • Spawn Location: 7:00

Scarlett

  • Race: Zerg Zerg
  • Spawn Location: 1:00

Event: WESG 2016 Finals

VOD

Have the link to the VOD?

Description

Time

  • Played on: Jan. 13, 2017, 5:36 a.m.
  • Length: 3:08

All games in this series

Show
View Real Time Build Order
Export as new Build Order

Elazer Zerg - Winner!

Build Orders: Pool Only 

Get SALT Encoding   

  12  0:00  Drone  
  13  0:20  Spawning Pool  
  12  0:25  Extractor  
  12  0:26  Drone  
  12  0:31  Drone  
  12  0:35  Drone  
  14  0:45  Overlord  
  14  1:06  Queen  
  14  1:07  Zergling x4  
  18  1:13  Zergling x2  
  19  1:25  Metabolic Boost  
  19  1:30  Overlord  
  19  1:36  Zergling x2  
  20  1:46  Baneling Nest  
  19  1:47  Zergling x2  
  20  1:58  Zergling x2  
  21  2:04  Zergling x2  
  22  2:17  Zergling x6  
  22  2:20  Zergling x2  
  26  2:30  Zergling x2  
  26  2:31  Baneling x3  
  27  2:37  Baneling  
  27  2:41  Zergling x2  
Show
View Real Time Build Order
Export as new Build Order

Scarlett Zerg 

Build Orders: Pool First 

Get SALT Encoding   

  12  0:17  Spawning Pool  
  11  0:22  Drone  
  11  0:27  Drone  
  13  0:31  Drone  
  14  0:40  Overlord  
  14  1:04  Zergling x4  
  16  1:05  Zergling x2  
  17  1:15  Zergling x2  
  18  1:19  Hatchery  
  17  1:27  Zergling x2  
  17  1:31  Queen  
  20  1:44  Zergling x2  
  21  1:48  Drone  
  22  2:10  Spine Crawler  
  21  2:17  Overlord  
  21  2:20  Queen, Extractor x2  
  23  2:31  Spine Crawler  
  23  2:32  Queen  
  24  2:39  Drone  
  24  2:40  Drone  
Tags
 
Add a new tag
Caveats
  • Supply blocks, unpowered buildings, or Contaminate may cause inaccurate times.
  • Supply counts are checked every 10 seconds.